 Dungeon Crawl Stone Soup version 0.31.0-9-g3a7656b989 (webtiles) character file.

Game seed: 10476984143304664159

296 qw the Skirmisher (level 6, 0/35 HPs)
             Began as a Deep Elf Hunter on Feb 3, 2024.
             Was an Initiate of Okawaru.
             Shot with an arrow by a centaur (11 damage)
             ... on level 4 of the Dungeon.
             The game lasted 00:00:33 (2877 turns).

qw the Skirmisher (Deep Elf Hunter)                 Turns: 2877, Time: 00:00:33

Health: 0/35       AC:  7    Str: 10    XL:     6   Next: 12%
Magic:  8/8        EV: 11    Int: 14    God:    Okawaru [......]
Gold:   166        SH:  0    Dex: 18    Spells: 5/5 levels left

rFire   . . .        a - +0 shortbow
rCold   . . .        (shield currently unavailable)
rNeg    . . .        g - +1 ring mail
rPois   .            (no helmet)
rElec   .            (no cloak)
rCorr   .            (no gloves)
SInv    .            b - +0 pair of boots
Will    .....        h - amulet of the acrobat
Stlth   +            (no ring)
HPRegen 0.25/turn    (no ring)
MPRegen 0.11/turn

%: acrobat
@: no status effects
A: no striking features
a: Renounce Religion


You were on level 4 of the Dungeon.
You worshipped Okawaru.
Okawaru was noncommittal.
You visited 2 branches of the dungeon, and saw 5 of its levels.
You also visited: Sewer.

You collected 166 gold pieces.


   Skills:
 - Level 2.0 Fighting
 + Level 9.5 Ranged Weapons
 - Level 2.4 Dodging
 - Level 1.2 Stealth


You had 5 spell levels left.
You didn't know any spells.
Your spell library was empty.

Inventory:

Hand Weapons
 a - a +0 shortbow (weapon)
Armour
 b - a +0 pair of boots (worn)
 g - a +1 ring mail (worn)
Jewellery
 h - an amulet of the acrobat (around neck)
Potions
 c - a potion of mutation {unknown}
 d - a potion of curing {unknown}
 e - 6 potions of heal wounds
 f - a potion of haste {unknown}
 j - a potion of brilliance {unknown}
 l - 2 potions of might

Dungeon Overview and Level Annotations

Branches:
Dungeon (4/15)             Temple (1/1) D:4           Sewer (visited)

Altars:
Ashenzari
Dithmenos
Fedhas
Hepliaklqana
Kikubaaqudgha
Nemelex Xobeh
Okawaru
Qazlal
Ru
Trog
Uskayaw
Wu Jian


Message History

A kobold comes into view. It is wielding a +0 club.
You see here a sapphire potion.
You shoot an arrow. The arrow barely misses the kobold.
The kobold shouts!
The kobold barely misses you.
You shoot an arrow. The arrow barely misses the kobold.
The kobold hits you but does no damage.
You shoot an arrow. The arrow hits the kobold!
You kill the kobold!
Okawaru accepts your kill.
d - a sapphire potion
Found an escape hatch in the floor.
You now have 166 gold pieces (gained 25).
Things that are here:
a +0 club; a +0 plate armour A centaur comes into view.
The centaur shouts!
The centaur wields a +0 orcbow.
The centaur shoots an arrow.
The arrow hits you.
You shoot an arrow.
The arrow completely misses the centaur.
The centaur shoots an arrow.
The arrow hits you.
The centaur shoots an arrow.
The arrow hits you!
You shoot an arrow. The arrow hits the centaur!
The centaur is heavily wounded.
The centaur shoots an arrow.
The arrow barely misses you.
The centaur shoots an arrow.
The arrow hits you.
You shoot an arrow. The arrow hits the centaur.
The centaur is severely wounded.
The centaur shoots an arrow.
The arrow closely misses you.
You shoot an arrow. The arrow barely misses the centaur.
The centaur shoots an arrow.
The arrow hits you.
The centaur shoots an arrow.
The arrow hits you!
You shoot an arrow. The arrow barely misses the centaur.
The centaur shoots an arrow.
The arrow closely misses you.
You shoot an arrow.
The arrow hits the centaur but does no damage.
The centaur is heavily wounded.
The centaur shoots an arrow.
The arrow barely misses you.
The centaur shoots an arrow.
The arrow hits you!
You die...

#..# ..# #... ..#
#..# #.##### #..# .
##..... #.%# c..
.......# # #...
....# ##..# #.# >#
#...
.#....#...###.###.#
#..#
.......@....>.....#
#..#
##.##.#...#.....#.#
#... #
##..#.....#.###...
#...............#
##..)......####.#
#...........### #.#
#########.#.# #.#
....#.######..
###.)#......(.


You could see a centaur.

Vanquished Creatures
  2 brain worms (Sewer)
  6 adders
  4 river rats (Sewer)
  4 ribbon worms
  A dart slug (D:1)
  9 ball pythons
  11 endoplasms
  4 giant cockroaches
  4 goblins
  5 hobgoblins
  3 kobolds
  A quokka (D:2)
  2 bats
  7 frilled lizards
  8 rats
71 creatures vanquished.

Notes
Turn   | Place    | Note
-------+----------+-------------------------------------------
     0 | D:1      | qw the Deep Elf Hunter began the quest for the Orb.
     0 | D:1      | Reached XP level 1. HP: 12/12 MP: 3/3
     0 | D:1      | 0 ||| qw: Version: 0.3-a-155-g5e7d8dd
     0 | D:1      | 0 ||| qw: Game counter: 2907
     0 | D:1      | 0 ||| qw: Melee chars always use a shield: true
     0 | D:1      | 0 ||| qw: God list: Okawaru
     0 | D:1      | 0 ||| qw: Allow faded altars: false
     0 | D:1      | 0 ||| qw: Do Orc after clearing Dungeon:15 true
     0 | D:1      | 0 ||| qw: Do second Lair branch before Depths: true
     0 | D:1      | 0 ||| qw: Lair rune preference: random
     0 | D:1      | 0 ||| qw: Goals: Normal
     0 | D:1      | 0 ||| PLANNING D:1-11
   187 | D:1      | Reached skill level 6 in Ranged Weapons
   187 | D:1      | Reached XP level 2. HP: 16/16 MP: 4/4
   424 | D:1      | 424 ||| UPGRADING to +0 ring mail.
   434 | D:1      | 434 ||| DROPPING +0 leather armour.
   435 | D:1      | 435 ||| UPGRADING to amulet of the acrobat.
   440 | D:1      | 440 ||| READING scroll labelled GIUHO SUITZURA.
   441 | D:1      | 441 ||| READING scroll labelled ATEUMI CEFEACH.
   441 | D:1      | 441 ||| IDENTIFYING black potion
   442 | D:1      | 442 ||| DROPPING scroll of butterflies.
  1133 | D:2      | Reached XP level 3. HP: 18/20 MP: 5/5
  1353 | D:2      | 1353 ||| READING scroll of identify.
  1353 | D:2      | 1353 ||| IDENTIFYING sedimented golden potion
  1354 | D:2      | 1354 ||| READING scroll labelled TOLIFI UKUA.
  1355 | D:2      | 1355 ||| READING scroll labelled RAERUI ZIYTS.
  1356 | D:2      | 1356 ||| READING scroll labelled PIMYPHIORA.
  1357 | D:2      | 1357 ||| READING scroll labelled ZIHASS QEURPHIDD.
  1357 | D:2      | 1357 ||| ENCHANTING +0 ring mail.
  1358 | D:2      | 1358 ||| READING 2 scrolls labelled KIPLYO XIAPO.
  1359 | D:2      | 1359 ||| DROPPING potion of magic.
  1360 | D:2      | 1360 ||| DROPPING scroll of immolation.
  1367 | D:3      | 1367 ||| PLANNING SEWER
  1506 | D:3      | Found a glowing drain.
  1507 | D:3      | 1507 ||| UPGRADING to +0 pair of boots.
  1528 | D:3      | Reached skill level 7 in Ranged Weapons
  1589 | Sewer    | Entered a sewer
  1647 | Sewer    | Noticed a brain worm
  1659 | Sewer    | Killed a brain worm
  1660 | Sewer    | Reached skill level 8 in Ranged Weapons
  1660 | Sewer    | Reached XP level 4. HP: 19/25 MP: 4/6
  1764 | Sewer    | Reached XP level 5. HP: 29/29 MP: 7/7
  1821 | Sewer    | Reached skill level 9 in Ranged Weapons
  2005 | Sewer    | 2005 ||| READING scroll of identify.
  2005 | Sewer    | 2005 ||| IDENTIFYING bubbling ruby potion
  2006 | Sewer    | 2006 ||| DRINKING 2 green potions.
  2007 | Sewer    | 2007 ||| DROPPING potion of degeneration.
  2044 | D:3      | 2044 ||| PLANNING D:1-11
  2191 | D:3      | Reached XP level 6. HP: 35/35 MP: 8/8
  2525 | D:3      | 2525 ||| DROPPING ring of magical power.
  2526 | D:3      | 2526 ||| READING scroll labelled DEPLEN LEMUE.
  2646 | D:4      | Found a bloodstained altar of Trog.
  2672 | D:4      | Found a broken altar of Ashenzari.
  2719 | D:4      | Found a staircase to the Ecumenical Temple.
  2720 | D:4      | 2720 ||| PLANNING TEMPLE
  2742 | Temple   | Entered the Ecumenical Temple
  2743 | Temple   | 2743 ||| PLANNING OKAWARU WORSHIP
  2751 | Temple   | Became a worshipper of Warmaster Okawaru
  2752 | Temple   | 2752 ||| PLANNING D:1-11
  2877 | D:4      | Shot with an arrow by a centaur

Levels and vault maps discovered:
D:1:      dpeg_arrival_court, layout_basic
D:2:      layout_basic
D:3:      layout_loops_ring, cheibrodos_sewer_entry_drain,
          minmay_shallow_snake_nest
D:4:      layout_loops_ring, lemuel_doored_altar,
          nicolae_overflow_crystal_walls, minmay_temple_entry_statues_pillars
Temple:   eino_temple_lava

Skill      XL: |  1  2  3  4  5 |
---------------+----------------+-----
Ranged Weapons | 6 8 9 |  9.5
Fighting       | 2 |  2.0
Dodging        | |  2.4
Stealth        | |  1.2

Action                     |  1- 3 |  4- 6 || total
---------------------------+-------+-------++-------
   Fire: Shortbow          |   108 |   139 ||   247
    Use: Scroll            |     8 |     2 ||    10
         Potion            |       |     1 ||     1
 Armour: Leather armour    |     7 |       ||     7
         Ring mail         |    18 |    37 ||    55
  Dodge: Dodged            |    20 |    47 ||    67

Table legend:
 A = Non-vault XP
 B = Vault XP
 C = Vault XP percentage of total XP
 D = Non-vault monster count
 E = Vault monster count
 F = Vault count percentage of total count
                 A         B        C        D         E       F
            +---------+---------+-------+---------+---------+-------
      Total |     116 |     307 |  72.6 |      42 |      29 |  40.8
            +---------+---------+-------+---------+---------+-------
        D:1 |      25 |       0 |   0.0 |      14 |       0 |   0.0
        D:2 |      27 |       0 |   0.0 |       9 |       0 |   0.0
        D:3 |      38 |      29 |  43.3 |      12 |       8 |  40.0
        D:4 |      26 |       0 |   0.0 |       7 |       0 |   0.0
      Sewer |       0 |     278 | 100.0 |       0 |      21 | 100.0
            +---------+---------+-------+---------+---------+-------
